Map: Inside and Out

Players

Kelazhur

  • Race: Terran Terran
  • Spawn Location: 7:00

Solar - Winner!

  • Race: Zerg Zerg
  • Spawn Location: 1:00

Event: TSL 9

VOD

Have the link to the VOD?

Description

Time

  • Played on: Aug. 6, 2022, 6:52 a.m.
  • Length: 14:13

All games in this series

Show
View Real Time Build Order
Export as new Build Order

Kelazhur Terran 

Build Orders: Reaper Expand 

Get SALT Encoding   

  12  0:00  SCV  
  13  0:12  SCV  
  14  0:18  Supply Depot  
  14  0:24  SCV  
  15  0:40  SCV  
  15  0:42  Barracks, Refinery  
  16  0:52  SCV  
  17  1:04  SCV  
  18  1:16  SCV  
  19  1:29  Reaper, Orbital Command  
  20  1:38  Command Center  
  20  1:44  Refinery  
  20  1:54  Supply Depot  
  20  1:55  SCV  
  20  2:01  Reaper  
  22  2:07  SCV  
  23  2:18  Factory  
  23  2:19  SCV  
  24  2:31  SCV  
  24  2:34  Barracks Reactor  
  25  2:43  SCV  
  26  2:49  Orbital Command  
  26  2:55  SCV  
  27  3:03  Starport  
  27  3:07  SCV  
  28  3:16  SCV  
  28  3:19  SCV, Hellion  
  34  3:20  Hellion  
  34  3:25  Barracks Tech Lab  
  34  3:28  SCV  
  34  3:31  SCV  
  36  3:40  SCV  
  36  3:41  Hellion x2  
  40  3:43  SCV  
  40  3:46  Supply Depot x2  
  41  3:50  Viking  
  41  3:52  SCV  
  41  3:54  Fusion Core  
  44  3:56  SCV, Stimpack  
  44  4:01  Marine  
  46  4:08  SCV x2, Hellion x2  
  52  4:10  Supply Depot  
  52  4:20  SCV x2  
  57  4:29  Hellion x2  
  58  4:32  SCV, Starport Tech Lab  
  58  4:33  SCV  
  58  4:35  Marine  
  58  4:37  Supply Depot  
  61  4:44  SCV  
  61  4:45  SCV  
  63  4:51  Battlecruiser  
  69  4:54  Command Center  
  69  4:57  SCV  
  69  4:59  SCV  
  71  5:01  Supply Depot  
  71  5:03  Hellion  
  71  5:04  Hellion, Marine  
  76  5:09  SCV  
  76  5:12  SCV  
  76  5:20  Supply Depot  
  76  5:22  Barracks, SCV  
  76  5:24  Barracks  
  76  5:27  SCV  
  78  5:30  Hellion x2  
  78  5:31  Marine  
  78  5:34  SCV  
  84  5:36  Supply Depot  
  84  5:39  SCV  
  84  5:42  Combat Shield  
  85  5:46  SCV, Refinery  
  85  5:47  Refinery  
  86  5:51  SCV  
  86  5:54  Hellion x2  
  91  5:58  SCV  
  91  6:03  SCV  
  91  6:04  Marine  
  91  6:10  SCV  
  93  6:15  Barracks Reactor  
  93  6:16  Engineering Bay x2, SCV  
  94  6:22  SCV  
  94  6:23  Marine  
  94  6:24  Marine  
  97  6:28  SCV  
  98  6:34  SCV  
  98  6:36  Orbital Command  
  95  6:40  SCV, Barracks  
  95  6:41  Barracks, Marine  
  95  6:42  Marine  
  95  6:46  SCV  
  99  6:47  Terran Infantry Armor Level 1, Terran Infantry Weapons Level 1, Starport Reactor  
  99  6:52  SCV, Marine x2  
  93  6:58  SCV, Orbital Command  
  93  6:59  Marine  
  95  7:04  SCV  
  96  7:10  Barracks Reactor, SCV, Armory  
  96  7:16  SCV  
  96  7:17  Barracks  
  96  7:19  Barracks  
  96  7:20  Marine x3  
  96  7:21  Command Center  
  100  7:23  SCV  
  100  7:25  Medivac  
  103  7:32  SCV  
  103  7:33  SCV  
  103  7:35  SCV  
  94  7:38  Marine x3  
  97  7:45  SCV, Hellion  
  97  7:46  Hellion, SCV  
  97  7:47  SCV  
  97  7:50  Medivac  
  106  7:55  Medivac, Marine  
  106  7:57  Barracks Reactor x2, SCV  
  106  7:58  SCV  
  111  7:59  SCV, Marine x2  
  114  8:09  Supply Depot, SCV  
  114  8:10  Supply Depot  
  115  8:17  Barracks Reactor, Marauder  
  117  8:22  Supply Depot x2  
  117  8:30  Medivac, Marine x2  
  117  8:31  Medivac, Marine x3, Hellbat x2  
  130  8:34  Supply Depot  
  130  8:38  Factory, Marine x2  
  130  8:39  SCV x3, Marine x2  
  137  8:44  Missile Turret  
  137  8:48  Marine  
  110  8:54  Widow Mine  
  110  8:55  Terran Infantry Weapons Level 2, Marine  
  101  9:00  Medivac  
  101  9:01  Medivac, Terran Infantry Armor Level 2  
  101  9:03  SCV  
  101  9:06  SCV  
  101  9:09  Missile Turret  
  103  9:10  Marine  
  103  9:14  Marine  
  103  9:15  SCV  
  103  9:16  SCV  
  101  9:18  SCV  
  101  9:20  Marine  
  101  9:21  Marine  
  97  9:24  Planetary Fortress  
  97  9:27  SCV  
  97  9:28  SCV  
  97  9:30  SCV  
  98  9:39  SCV  
  98  9:40  SCV, Widow Mine x2, Marine  
  98  9:42  SCV  
  106  9:48  Marine x6  
  106  9:49  Missile Turret  
  106  9:51  SCV  
  106  9:52  SCV  
  114  9:54  SCV  
  114  9:56  Factory Tech Lab  
  115  10:00  SCV  
  115  10:01  Widow Mine x2  
  115  10:03  Marine  
  115  10:04  SCV x2, Marauder  
  115  10:06  Marine x5  
  130  10:07  Missile Turret  
  130  10:11  SCV  
  130  10:13  SCV, Marine  
  130  10:14  Marine x4  
  130  10:16  SCV  
  130  10:20  SCV  
  132  10:21  Marine  
  132  10:23  SCV, Widow Mine x2  
  132  10:24  Marine x4  
  132  10:25  SCV  
  132  10:26  Medivac  
  132  10:28  SCV  
  144  10:29  Medivac, Marine  
  144  10:33  SCV, Missile Turret  
  144  10:34  Marine x2  
  144  10:35  SCV, Marauder  
  153  10:38  Marauder, Marine  
  153  10:39  Drilling Claws  
  154  10:52  Widow Mine  
  154  10:53  Thor, Widow Mine  
  154  10:54  Marine  
  154  10:56  Marauder  
  159  11:07  Command Center  
  159  11:09  Marine  
  159  11:10  Marauder  
  154  11:12  Medivac  
  154  11:13  Medivac, Marine x3  
  154  11:17  Marine x3  
  157  11:24  Missile Turret  
  157  11:25  Missile Turret  
  155  11:26  Missile Turret, Marine  
  155  11:31  Marine  
  157  11:33  Marine  
  157  11:34  Marine x2  
  157  11:39  Marine  
  157  11:40  Marine  
  157  11:51  Widow Mine  
  157  11:52  Medivac  
  157  12:04  Supply Depot x2  
  157  12:05  Supply Depot  
  157  12:16  Widow Mine  
  157  12:17  Marine x3  
  157  12:18  Thor, Widow Mine  
  146  12:26  Marauder, Marine x7  
  145  12:35  Missile Turret, Marine x2  
  145  12:38  Widow Mine  
  145  12:42  Sensor Tower, Widow Mine  
  148  12:45  SCV, Marauder  
  148  12:46  SCV  
  148  12:48  Orbital Command  
  149  12:51  Missile Turret  
  149  12:54  Marauder, Marine  
  149  12:58  SCV x2  
  148  13:01  Planetary Fortress  
  138  13:07  Widow Mine x3  
  138  13:10  SCV x2  
  146  13:22  SCV x2  
  146  13:23  Marine  
  146  13:24  Marauder  
  146  13:25  SCV  
  151  13:27  Marine x3  
  151  13:31  Marine x2  
  151  13:32  Marauder  
  159  13:34  SCV x2  
  159  13:37  SCV  
  159  13:40  Marine  
  143  13:42  Widow Mine x2  
  143  13:43  Widow Mine, Marine  
  143  13:45  Marauder  
  143  13:46  SCV x2  
  154  13:52  SCV x2  
  150  13:58  SCV  
Show
View Real Time Build Order
Export as new Build Order

Solar Zerg - Winner!

Build Orders: Hatch First 

Get SALT Encoding   

  12  0:00  Drone  
  13  0:12  Overlord  
  13  0:17  Drone  
  14  0:31  Drone x2  
  16  0:47  Hatchery  
  15  0:51  Drone  
  15  0:55  Drone  
  17  1:00  Drone  
  18  1:09  Extractor  
  17  1:14  Spawning Pool  
  17  1:17  Drone  
  17  1:20  Drone  
  18  1:28  Drone  
  19  1:39  Drone  
  20  1:51  Drone  
  21  2:01  Queen x2  
  21  2:02  Zergling x4  
  27  2:10  Zergling x2  
  27  2:12  Overlord  
  28  2:22  Hatchery  
  27  2:24  Drone  
  28  2:31  Drone  
  28  2:33  Drone x2  
  30  2:40  Queen  
  32  2:44  Overlord  
  32  2:50  Metabolic Boost  
  32  2:52  Drone  
  32  2:56  Drone  
  32  2:57  Drone  
  35  3:04  Drone  
  35  3:05  Drone  
  37  3:10  Drone  
  37  3:11  Drone x2  
  40  3:17  Queen  
  40  3:18  Zergling x2  
  43  3:20  Overlord  
  43  3:27  Drone  
  43  3:35  Queen  
  43  3:39  Drone  
  43  3:40  Queen, Drone x2  
  49  3:45  Drone x2  
  51  3:49  Drone x2  
  51  3:55  Drone x3  
  56  3:57  Drone x2  
  56  3:59  Overlord  
  56  4:01  Overlord  
  58  4:05  Overlord  
  57  4:17  Queen  
  57  4:18  Zergling x12  
  57  4:22  Drone  
  57  4:23  Queen  
  68  4:27  Overlord  
  68  4:28  Drone x2  
  70  4:31  Drone  
  70  4:32  Drone x2  
  70  4:38  Overlord  
  73  4:39  Spore Crawler  
  73  4:40  Drone  
  73  4:43  Extractor  
  73  4:44  Spore Crawler  
  71  4:46  Drone x2  
  71  4:48  Drone, Evolution Chamber  
  71  4:49  Evolution Chamber  
  72  4:54  Queen  
  72  4:57  Drone  
  72  4:58  Drone  
  77  5:00  Drone x2  
  77  5:01  Drone x3  
  77  5:02  Drone  
  77  5:05  Overlord  
  77  5:06  Zergling x2  
  83  5:08  Drone  
  83  5:10  Drone x2  
  83  5:12  Drone  
  83  5:13  Drone x2  
  89  5:17  Zerg Ground Armor Level 1  
  89  5:19  Zerg Melee Weapons Level 1  
  89  5:21  Overlord  
  89  5:25  Zergling x2  
  89  5:26  Drone  
  89  5:27  Drone  
  92  5:28  Zergling x6  
  92  5:29  Extractor  
  92  5:33  Lair, Drone  
  92  5:35  Drone  
  96  5:38  Spore Crawler  
  96  5:39  Extractor x2  
  96  5:40  Baneling Nest, Drone  
  93  5:44  Drone x2  
  93  5:45  Drone x3  
  93  5:46  Drone  
  99  5:53  Drone  
  99  5:56  Drone  
  100  5:57  Overlord  
  100  6:01  Zergling x2  
  101  6:05  Zergling x6  
  101  6:08  Overlord  
  104  6:11  Drone x2  
  104  6:14  Extractor  
  104  6:15  Drone  
  104  6:16  Drone  
  104  6:17  Overlord  
  107  6:22  Zergling x2  
  107  6:23  Zergling x8  
  112  6:25  Queen  
  112  6:26  Queen, Hatchery  
  112  6:31  Overlord  
  113  6:34  Overlord  
  113  6:37  Overlord  
  113  6:39  Drone  
  109  6:40  Drone  
  109  6:42  Drone  
  109  6:43  Spire  
  109  6:44  Drone  
  109  6:45  Drone  
  109  6:47  Zergling x10  
  117  6:51  Drone, Extractor  
  111  6:56  Drone  
  111  6:58  Drone  
  112  7:04  Zergling x4, Extractor  
  112  7:07  Roach Warren  
  112  7:11  Overlord  
  110  7:16  Zergling x4  
  110  7:20  Drone  
  110  7:22  Overlord  
  113  7:24  Drone  
  115  7:30  Drone  
  115  7:31  Zergling x4, Zerg Melee Weapons Level 2, Zerg Ground Armor Level 2  
  115  7:32  Centrifugal Hooks  
  115  7:34  Zergling x12  
  115  7:35  Extractor  
  118  7:38  Extractor  
  111  7:54  Hatchery  
  111  7:55  Mutalisk x8  
  126  8:00  Baneling x3  
  126  8:01  Zergling x4  
  126  8:03  Baneling  
  126  8:04  Zergling x8, Baneling x2  
  126  8:05  Baneling  
  132  8:07  Overlord  
  132  8:09  Drone  
  132  8:12  Zerg Flyer Weapons Level 1  
  133  8:13  Zergling x6, Baneling x4  
  133  8:15  Baneling  
  133  8:16  Zergling x4  
  133  8:18  Drone x2  
  140  8:22  Zergling x6  
  140  8:26  Baneling  
  143  8:27  Zergling x2  
  143  8:28  Drone  
  143  8:29  Drone x2  
  147  8:35  Hatchery, Overlord  
  147  8:36  Mutalisk x4  
  147  8:37  Zergling x2  
  147  8:38  Zergling x2  
  156  8:42  Baneling x2  
  156  8:44  Zergling x2  
  156  8:47  Zergling x6  
  152  8:50  Mutalisk x3  
  152  8:54  Drone  
  155  8:56  Zergling x8  
  155  9:01  Zergling x12  
  159  9:04  Infestation Pit, Drone x3  
  159  9:07  Mutalisk  
  163  9:10  Mutalisk  
  163  9:12  Mutalisk  
  163  9:13  Baneling x3  
  163  9:14  Baneling  
  167  9:18  Zergling x2  
  167  9:19  Zergling x4  
  167  9:23  Zergling x4  
  167  9:24  Baneling x8  
  172  9:25  Baneling  
  172  9:28  Zergling x6  
  172  9:30  Overlord  
  176  9:31  Zergling x4  
  176  9:34  Drone  
  176  9:35  Drone x5  
  176  9:38  Drone  
  184  9:41  Overseer, Pneumatized Carapace  
  184  9:42  Overseer  
  184  9:44  Hive  
  184  9:53  Drone x4  
  184  9:55  Baneling x2  
  184  9:56  Baneling x5  
  184  9:58  Zergling x4  
  190  10:00  Mutalisk  
  190  10:01  Mutalisk  
  190  10:06  Mutalisk x2  
  198  10:07  Zergling x2  
  199  10:15  Zerg Flyer Weapons Level 2, Hatchery  
  199  10:16  Drone  
  199  10:34  Baneling, Spine Crawler  
  199  10:35  Spore Crawler, Baneling x8, Spine Crawler  
  196  10:38  Baneling x7  
  196  10:44  Baneling x4  
  196  10:48  Overlord  
  192  10:58  Zergling x10  
  192  11:01  Zergling x16  
  191  11:05  Zergling x22  
  191  11:08  Zergling x2  
  191  11:09  Overseer  
  196  11:16  Zergling x24  
  199  11:21  Adrenal Glands  
  199  11:22  Ultralisk Cavern  
  199  11:23  Baneling x21  
  198  11:29  Zergling x4  
  200  11:36  Drone  
  200  11:38  Drone  
  200  11:45  Zergling x8  
  196  11:55  Zergling x8  
  200  12:06  Spore Crawler  
  199  12:09  Drone  
  199  12:11  Baneling x10  
  199  12:20  Hatchery  
  199  12:21  Zergling x20, Ultralisk x2  
  192  12:24  Zergling x18  
  192  12:25  Zergling x12  
  184  12:31  Zergling x10  
  184  12:32  Zergling x12  
  184  12:35  Chitinous Plating  
  195  12:38  Drone x4  
  195  12:44  Baneling x2  
  199  12:48  Zergling x2  
  199  12:49  Zergling x6  
  198  12:59  Drone  
  198  13:04  Zergling x4  
  198  13:05  Zergling x14  
  200  13:07  Zergling x2  
  200  13:10  Baneling x23  
  199  13:16  Baneling x5  
  199  13:21  Zergling x6  
  200  13:27  Baneling x10  
  198  13:38  Zergling x12  
  198  13:39  Zergling x24  
  198  13:40  Mutalisk x2  
  195  13:42  Zergling x6  
  195  13:43  Zergling x2  
Tags
 
Add a new tag
Caveats
  • Supply blocks, unpowered buildings, or Contaminate may cause inaccurate times.
  • Supply counts are checked every 10 seconds.